 Dungeon Crawl Stone Soup version 0.21-a0-507-ga8f6b7a (webtiles) character file.

63 slep the Skirmisher (level 3, -3/30 HPs)
             Began as a Demonspawn Monk on Nov 27, 2017.
             Was a Believer of Okawaru.
             Slain by a worm (8 damage)
             ... on level 2 of the Dungeon.
             The game lasted 00:03:22 (726 turns).

slep the Skirmisher (Demonspawn Monk)                Turns: 726, Time: 00:03:23

Health: -3/30      AC:  5    Str: 12    XL:     3   Next: 89%
Magic:  3/3        EV: 12    Int: 11    God:    Okawaru [**....]
Gold:   69         SH:  0    Dex: 15    Spells: 2/2 levels left

rFire    . . .     SeeInvis .   a - +0 spear
rCold    . . .     Gourm    .   (no shield)
rNeg     . . .     Faith    .   k - +0 ring mail
rPois    .         Spirit   .   (no helmet)
rElec    .         Reflect  .   (no cloak)
rCorr    .         Harm     .   (no gloves)
MR       .....     Rnd*Tele +   (no boots)
Stlth    +.........             (no amulet)
HPRegen  0.10/turn              i - ring of teleportation (curse)
MPRegen  0.08/turn              (no ring)

@: no status effects
A: talons 1
a: Heroism, Renounce Religion


You were on level 2 of the Dungeon.
You worshipped Okawaru.
Okawaru was pleased with you.
You were not hungry.

You visited 1 branch of the dungeon, and saw 2 of its levels.

You collected 69 gold pieces.

Inventory:

Hand Weapons
 a - a +0 spear (weapon)
Armour
 b - a +0 robe
 k - a +0 ring mail (worn)
Jewellery
 i - a cursed ring of teleportation (left hand)
Scrolls
 e - a scroll of teleportation {unknown}
 g - a scroll of immolation {unknown}
 h - 2 scrolls of identify {unknown}
 j - 3 scrolls of remove curse {unknown}
 m - a scroll of enchant weapon {unknown}
Potions
 l - a potion of curing {unknown}
 n - a potion of might {unknown}
Comestibles
 c - 2 bread rations
 d - 5 fruits
 f - a meat ration
 o - 2 chunks of flesh


   Skills:
 + Level 3.7 Fighting
 + Level 3.2 Polearms
 + Level 0.2 Armour
 + Level 3.1 Dodging
 + Level 2.2 Stealth


You had 2 spell levels left.
You didn't know any spells.

Dungeon Overview and Level Annotations

Branches:
Dungeon (2/15)

Altars:
Okawaru
The Shining One


Innate Abilities, Weirdness & Mutations

You have sharp toenails.


Message History

Found a scroll labeled LOSUOSTANKU.
Attack whom?
Press: ? - help, Dir - move target cursor, f/p - worm
Aim: a worm (heavily wounded)
You reach to attack!
You hit the worm.
The worm is severely wounded.
A bat comes into view.
Unknown command.
Attack whom?
Press: ? - help, Dir - move target cursor, f/p - worm
Aim: a worm (heavily wounded)
You reach to attack!
You hit the worm.
The worm is severely wounded.
You hit the worm but do no damage. You claw the worm, but do no damage.
The worm is severely wounded.
The bat hits you but does no damage. The bat barely misses you.
You hit the worm. You claw the worm.
The worm is almost dead.
The bat hits you but does no damage. The worm bites you!
You die...

#...# #._.# . #...# . ..
###.### #.. ...#
##8...8### ##....
.....###........##......
#.?..b...........†.....#
#...@w........$..#
###.##....†###..## ##
##.#### ### ### ###
######### #.# #.......#
#.### #.......# ##.##.
#.......# ####.....
#.......# #........


You could see a worm and a bat.

Vanquished Creatures
  4 adders (D:2)
  An ooze (D:2)
  A dart slug (D:1)
  2 giant cockroaches (D:2)
  3 goblins (D:1)
  2 hobgoblins (D:1)
  A quokka (D:2)
  5 bats
  2 frilled lizards
  2 kobolds (D:1)
  2 rats (D:1)
25 creatures vanquished.

Notes
Turn   | Place    | Note
-------+----------+-------------------------------------------
     0 | D:1      | slep the Demonspawn Monk began the quest for the Orb.
     0 | D:1      | Reached XP level 1. HP: 18/18 MP: 1/1
   165 | D:1      | Found an iron altar of Okawaru.
   174 | D:1      | Became a worshipper of Warmaster Okawaru
   174 | D:1      | Reached * piety under Okawaru
   174 | D:1      | Reached ** piety under Okawaru
   190 | D:1      | Gained mutation: You have sharp toenails. [demonic ancestry]
   190 | D:1      | Reached XP level 2. HP: 17/24 MP: 2/2
   573 | D:2      | Reached XP level 3. HP: 22/29 MP: 3/3
   689 | D:2      | Found a glowing golden altar of the Shining One.
   726 | D:2      | Slain by a worm

Vault maps used:
D:1:      dpeg_arrival_orchard, minmay_misc_feat_rows, okawaru_ov_weapons_minmay
D:2:      first_bread, chequers_big_river, nicolae_tso_carved_into_rock

Skill      XL: |  1  2  3 |
---------------+----------+-----
Stealth        | 2 |  2.2
Polearms       | 3 |  3.2
Dodging        | 3 |  3.1
Fighting       | |  3.7
Armour         | |  0.2

Action                   || total
-------------------------++-------
Melee: Spear             ||   116
       Kick              ||    18
 Stab: Sleeping          ||     3
Armor: Robe              ||     8
       Ring mail         ||    29
Dodge: Dodged            ||    64

Table legend:
 A = Spawn XP
 B = Non-spawn XP
 C = Spawn XP percentage of total XP
 D = Spawn monster count
 E = Non-spawn monster count
 F = Spawn count percentage of total count
 G = Total turns spent on level
                    A         B        C        D         E        F      G
               +---------+---------+-------+---------+---------+-------+---------
         Total |       0 |      91 |   0.0 |       0 |      25 |   0.0 |   726
               +---------+---------+-------+---------+---------+-------+---------
           D:1 |       0 |      24 |   0.0 |       0 |      15 |   0.0 |   554
           D:2 |       0 |      67 |   0.0 |       0 |      10 |   0.0 |   172
               +---------+---------+-------+---------+---------+-------+---------
